Map: Eternal Empire LE

Players

Nice - Winner!

  • Race: Protoss Protoss
  • Spawn Location: 7:00

Has

  • Race: Protoss Protoss
  • Spawn Location: 1:00

Event: DreamHack SC2 Masters 2020 Summer TwHkMoJp

VOD

Have the link to the VOD?

Description

Time

  • Played on: June 28, 2020, 9:45 a.m.
  • Length: 19:20

All games in this series

Show
View Real Time Build Order
Export as new Build Order

Nice Protoss - Winner!

Build Orders: 1 Gate Expand 

Get SALT Encoding   

  12  0:00  Probe  
  13  0:12  Probe  
  14  0:20  Pylon  
  14  0:24  Probe  
  15  0:34  Probe  
  15  0:40  Gateway  
  15  0:42  Probe  
  16  0:48  Assimilator  
  17  0:52  Probe  
  18  1:04  Probe  
  19  1:17  Probe  
  20  1:27  Cybernetics Core  
  20  1:34  Nexus  
  20  1:40  Pylon  
  20  1:47  Assimilator  
  20  1:49  Probe  
  20  1:53  Adept  
  21  2:01  Probe  
  22  2:05  Warp Gate  
  24  2:09  Probe  
  25  2:17  Probe  
  26  2:23  Stalker  
  26  2:27  Probe  
  29  2:33  Pylon  
  29  2:39  Probe  
  30  2:45  Probe  
  31  2:51  Probe  
  31  2:53  Probe  
  31  2:55  Sentry  
  31  2:57  Shield Battery  
  35  3:02  Probe  
  35  3:03  Probe  
  37  3:14  Probe  
  37  3:15  Probe  
  37  3:19  Robotics Facility  
  39  3:26  Probe  
  40  3:27  Probe  
  40  3:37  Shield Battery  
  40  3:38  Probe  
  40  3:40  Forge, Probe  
  40  3:49  Probe  
  40  3:50  Probe  
  40  3:54  Stalker  
  44  3:57  Probe  
  44  3:58  Probe  
  46  4:05  Probe  
  46  4:07  Probe  
  46  4:08  Observer  
  48  4:17  Gateway, Stalker  
  48  4:18  Protoss Ground Weapons Level 1  
  48  4:19  Probe  
  51  4:25  Gateway, Probe  
  51  4:32  Probe  
  52  4:38  Probe  
  52  4:43  Assimilator  
  52  4:44  Probe  
  54  4:49  Assimilator  
  54  4:53  Pylon  
  54  5:01  Immortal  
  54  5:02  Twilight Council  
  54  5:06  Pylon  
  54  5:11  Probe x2  
  60  5:15  Observer  
  60  5:17  Gateway, Stalker  
  60  5:18  Gateway  
  62  5:24  Pylon  
  62  5:30  Gateway  
  62  5:34  Robotics Bay  
  62  5:39  Pylon  
  62  5:41  Charge  
  62  5:42  Immortal  
  62  5:49  Pylon  
  66  5:59  Stalker x2  
  66  6:01  Stalker  
  70  6:13  Colossus, Probe x2  
  70  6:17  Pylon  
  71  6:20  Sentry  
  71  6:23  Sentry  
  76  6:25  Probe x2  
  76  6:30  Extended Thermal Lance  
  81  6:45  Protoss Ground Weapons Level 2  
  81  6:47  Pylon  
  81  6:49  Nexus  
  81  7:00  Probe x2  
  80  7:09  Colossus  
  80  7:11  Probe x2  
  82  7:17  Pylon  
  82  7:19  Probe x2  
  88  7:23  Observer  
  88  7:27  Probe  
  89  7:31  Zealot x2  
  89  7:33  Shield Battery  
  94  7:48  Probe x2  
  96  7:53  Pylon  
  96  7:54  Shield Battery  
  96  7:58  Colossus  
  96  7:59  Templar Archives  
  96  8:00  Probe  
  96  8:02  Sentry  
  105  8:07  Zealot x2  
  109  8:15  Zealot x2  
  113  8:20  Pylon  
  113  8:25  Zealot x2  
  115  8:30  Zealot x2  
  109  8:36  Probe x3  
  110  8:48  Probe  
  109  8:50  Assimilator  
  109  8:51  Pylon  
  109  8:52  Assimilator  
  109  8:55  Gateway, High Templar x2  
  113  8:58  Gateway  
  113  9:00  Archon  
  113  9:01  Photon Cannon  
  113  9:10  Colossus  
  113  9:11  Photon Cannon  
  113  9:12  Protoss Ground Weapons Level 3  
  113  9:19  Stargate x2  
  117  9:27  Photon Cannon  
  117  9:31  Pylon  
  117  9:39  Probe  
  117  9:40  Probe x2  
  120  9:49  Pylon  
  120  9:55  Phoenix  
  120  10:02  Phoenix  
  120  10:06  Pylon  
  124  10:12  Phoenix  
  122  10:19  Phoenix x2  
  122  10:20  Stalker, Zealot x2  
  122  10:21  Zealot x4  
  139  10:31  Pylon  
  139  10:33  Phoenix, Pylon  
  139  10:41  Nexus  
  141  10:49  Zealot x2  
  145  10:50  Zealot x2  
  145  10:54  Zealot  
  145  10:55  Phoenix, Zealot x2  
  157  11:02  Phoenix  
  155  11:11  Nexus  
  155  11:14  Phoenix  
  153  11:20  High Templar x3  
  153  11:21  High Templar x2  
  153  11:23  High Templar  
  167  11:25  Archon  
  167  11:26  Archon  
  167  11:30  Archon  
  167  11:35  Nexus  
  167  11:36  Phoenix, Observer  
  167  11:39  Phoenix  
  132  12:02  Zealot x3  
  132  12:03  Zealot x4  
  120  12:13  Protoss Shields Level 1  
  120  12:15  Phoenix x2  
  110  12:17  Colossus  
  102  12:32  High Templar x2  
  102  12:35  Probe x3  
  109  12:40  Archon  
  109  12:47  Probe x3  
  109  12:48  Shield Battery  
  112  12:52  Unknown, Probe  
  112  12:56  Sentry, High Templar x2  
  119  12:58  Zealot x3  
  119  12:59  Probe  
  119  13:01  Archon  
  119  13:04  Pylon  
  126  13:07  Photon Cannon  
  126  13:10  Colossus  
  126  13:21  High Templar x2, Zealot x3  
  126  13:22  Zealot  
  144  13:27  Archon  
  130  13:43  High Templar  
  130  13:44  Photon Cannon, High Templar  
  130  13:45  Zealot x4  
  130  13:48  Archon  
  142  13:50  Colossus  
  142  13:54  Zealot  
  144  13:56  Zealot  
  146  14:06  Observer  
  146  14:08  Protoss Ground Armor Level 1  
  152  14:24  High Templar x4  
  152  14:26  Zealot x4  
  152  14:28  Archon x2  
  152  14:30  Probe x2  
  170  14:34  Colossus  
  170  14:38  Dark Shrine  
  170  14:43  Nexus  
  170  14:44  Pylon  
  174  14:49  Fleet Beacon  
  170  15:06  High Templar x2  
  174  15:09  Blink  
  174  15:11  Archon  
  174  15:16  Pylon  
  174  15:17  Photon Cannon  
  174  15:20  Photon Cannon, Gateway, Shield Battery  
  174  15:22  Pylon  
  174  15:23  Gateway  
  174  15:24  Zealot, Pylon  
  174  15:26  High Templar x2  
  180  15:30  Archon  
  180  15:31  Zealot x3  
  180  15:48  Mothership  
  156  15:51  Zealot x3  
  148  15:57  Stalker x3  
  148  15:59  Stalker x2  
  154  16:07  Colossus  
  156  16:22  High Templar x2  
  160  16:26  Shield Battery  
  160  16:27  Assimilator, Archon  
  160  16:28  Assimilator  
  160  16:29  Zealot  
  160  16:31  Dark Templar  
  164  16:33  Dark Templar  
  164  16:35  Protoss Ground Armor Level 2  
  164  16:37  Zealot x3  
  172  16:52  Zealot  
  172  16:58  Dark Templar  
  172  16:59  Zealot x3  
  172  17:01  Warp Prism  
  177  17:04  Gravitic Boosters  
  173  17:20  Dark Templar x2  
  177  17:32  Pylon  
  177  17:34  Pylon  
  177  17:38  Stalker x2  
  177  17:40  Zealot x2  
  177  17:41  Pylon  
  183  17:57  Gateway  
  183  17:58  Gateway  
  183  18:02  Dark Templar, Archon x2  
  183  18:03  Dark Templar x2  
  183  18:04  Zealot x3  
  195  18:07  Archon  
  195  18:08  Archon  
  195  18:25  Nexus, Pylon  
  166  18:37  Zealot x7  
  176  19:00  Zealot x9  
  176  19:01  Zealot x2  
Show
View Real Time Build Order
Export as new Build Order

Has Protoss 

Build Orders: Nexus First, Zealot Archon 

Get SALT Encoding   

  12  0:00  Probe  
  13  0:12  Probe  
  14  0:20  Pylon  
  14  0:23  Probe  
  15  0:34  Probe  
  16  0:43  Probe  
  17  0:57  Nexus  
  17  1:01  Probe  
  18  1:12  Gateway  
  18  1:14  Probe  
  19  1:20  Assimilator  
  19  1:26  Probe  
  19  1:30  Assimilator  
  20  1:38  Probe  
  21  1:43  Gateway  
  21  1:50  Probe  
  22  1:59  Cybernetics Core  
  22  2:02  Probe  
  23  2:10  Pylon  
  24  2:16  Probe  
  24  2:23  Probe  
  24  2:24  Pylon  
  24  2:27  Adept  
  24  2:29  Adept  
  27  2:40  Warp Gate  
  29  2:44  Probe  
  29  2:47  Probe  
  30  2:56  Stalker  
  32  3:01  Stalker, Probe  
  35  3:07  Probe  
  35  3:11  Probe  
  36  3:19  Probe  
  38  3:21  Probe, Pylon  
  39  3:31  Stalker, Probe  
  39  3:33  Stalker  
  44  3:39  Shield Battery  
  44  3:42  Probe x2  
  44  3:44  Shield Battery  
  46  3:50  Probe  
  46  3:51  Probe  
  46  3:59  Probe x2, Robotics Facility  
  48  4:10  Pylon  
  48  4:11  Probe x2  
  50  4:22  Probe  
  50  4:23  Probe  
  52  4:25  Forge  
  52  4:30  Probe  
  52  4:31  Adept x2, Probe  
  56  4:38  Probe  
  56  4:39  Probe  
  56  4:40  Assimilator  
  56  4:41  Assimilator  
  58  4:46  Warp Prism  
  58  4:48  Pylon  
  60  4:53  Pylon  
  60  4:57  Sentry  
  62  5:02  Gateway  
  62  5:03  Gateway  
  62  5:04  Protoss Ground Weapons Level 1  
  60  5:11  Gateway  
  60  5:17  Twilight Council  
  60  5:22  Observer  
  60  5:24  Adept  
  60  5:25  Adept  
  64  5:35  Probe  
  66  5:40  Immortal  
  66  5:43  Pylon  
  66  5:47  Adept  
  66  5:48  Sentry  
  74  5:54  Charge  
  74  5:55  Gateway  
  74  6:12  Immortal  
  74  6:16  Nexus  
  70  6:18  Pylon  
  70  6:21  Templar Archives  
  70  6:24  Probe  
  70  6:25  Probe  
  76  6:26  Pylon  
  76  6:41  Probe x2  
  78  6:48  Zealot x2  
  78  6:51  Gateway  
  82  6:55  Gateway  
  82  6:57  Protoss Ground Weapons Level 2  
  80  7:02  Immortal  
  80  7:08  High Templar x3  
  84  7:09  Adept, High Templar  
  84  7:11  Zealot  
  92  7:17  Archon  
  92  7:18  Archon  
  92  7:26  Probe x2  
  94  7:33  Probe  
  95  7:37  Photon Cannon, Robotics Bay  
  95  7:46  Zealot x7  
  112  8:05  Pylon  
  109  8:06  High Templar x2  
  109  8:07  Zealot x2  
  109  8:10  Archon  
  117  8:21  Disruptor  
  109  8:27  Zealot x6  
  109  8:28  Probe x2  
  109  8:29  Probe  
  115  8:39  Robotics Facility  
  111  8:43  Protoss Ground Weapons Level 3  
  111  8:47  Zealot x7  
  125  8:52  Pylon  
  125  8:53  Pylon  
  125  8:56  Assimilator, Pylon  
  125  9:00  Disruptor, Assimilator  
  125  9:13  Probe x2  
  125  9:14  Probe  
  130  9:25  Nexus, Probe  
  130  9:26  Probe, Pylon  
  130  9:30  Pylon  
  132  9:34  Dark Shrine  
  132  9:38  Photon Cannon  
  132  9:51  High Templar x4  
  132  9:52  Zealot x2  
  142  9:55  Archon x2  
  142  9:59  Disruptor  
  142  10:00  Disruptor  
  142  10:02  Probe x2  
  142  10:03  Pylon  
  146  10:18  Blink  
  146  10:21  Probe x2  
  146  10:32  Probe  
  146  10:33  Probe  
  146  10:34  Photon Cannon  
  148  10:38  Pylon  
  148  10:41  Colossus x2  
  154  10:45  Probe  
  155  10:54  Extended Thermal Lance  
  159  11:03  Gateway  
  145  11:05  Gateway  
  145  11:06  Zealot x6  
  145  11:07  Zealot  
  145  11:09  Gateway  
  145  11:10  Zealot  
  161  11:16  Probe x4  
  165  11:24  Pylon  
  165  11:25  Colossus  
  165  11:29  Colossus  
  165  11:33  Unknown  
  177  11:45  Shield Battery  
  167  11:57  Zealot x8  
  167  12:01  Zealot  
  158  12:06  Zealot x2  
  138  12:10  Probe x2  
  109  12:23  Warp Prism  
  109  12:24  High Templar  
  109  12:25  High Templar x3  
  109  12:27  Stalker x5  
  109  12:28  Zealot  
  115  12:32  Archon  
  115  12:33  Archon, Zealot  
  108  12:50  High Templar x3  
  108  12:51  High Templar  
  116  12:52  Zealot x2  
  116  12:54  Archon  
  116  12:55  Archon  
  116  12:56  Protoss Shields Level 1  
  116  12:57  Dark Templar x2  
  124  12:59  Zealot x3  
  130  13:12  Nexus, Probe x2  
  125  13:21  Zealot x3  
  125  13:22  High Templar x3  
  125  13:23  High Templar  
  125  13:27  Archon  
  139  13:28  Archon  
  139  13:31  Colossus x2  
  123  13:44  Probe  
  123  13:47  Probe  
  123  13:48  Probe  
  138  13:50  Zealot x3  
  144  14:00  Probe x2  
  144  14:01  Probe x2  
  145  14:19  Colossus  
  145  14:21  Colossus, Probe  
  145  14:22  Probe x2  
  148  14:25  High Templar  
  148  14:26  High Templar x3  
  148  14:28  Zealot x6  
  174  14:37  Probe  
  174  14:38  Probe x3  
  182  14:41  Assimilator  
  182  14:45  Archon x2, Pylon  
  182  14:46  Assimilator  
  174  15:00  High Templar x3  
  174  15:01  High Templar, Zealot x2  
  174  15:02  Zealot x3  
  174  15:05  Archon x2  
  192  15:08  Probe  
  195  15:18  Warp Prism  
  186  15:31  Zealot x6  
  198  15:36  Warp Prism  
  184  15:51  Zealot x6  
  184  15:53  Disruptor  
  158  16:10  Probe x4  
  157  16:15  Colossus x2  
  136  16:28  Probe x4  
  149  16:33  Dark Templar  
  149  16:34  Dark Templar x2  
  155  16:42  Probe  
  156  16:52  Zealot x7  
  166  16:59  Colossus  
  166  17:02  Observer  
  157  17:12  Robotics Facility  
  147  17:38  Photon Cannon  
  147  17:40  Immortal  
  147  17:44  High Templar x3  
  147  17:45  High Templar x4  
  147  17:46  High Templar  
  147  17:48  High Templar  
  147  17:49  High Templar, Zealot  
  147  17:51  Colossus  
  167  17:56  Archon x3  
  167  17:57  Archon x2  
  171  18:00  Photon Cannon  
  171  18:04  Colossus  
  177  18:15  Probe  
  178  18:22  Nexus  
  178  18:24  Pylon  
  151  18:40  Zealot x7  
  155  18:43  Observer  
  155  18:49  Observer  
  157  18:59  Zealot x2  
Tags
 
Add a new tag
Caveats
  • Supply blocks, unpowered buildings, or Contaminate may cause inaccurate times.
  • Supply counts are checked every 10 seconds.